[Event "Late-Titled-Tuesday-Blitz-January-16-2024"]
[Site "Chess.com"]
[Date "2024.01.16"]
[Round "10"]
[White "maximnovik"]
[Black "GothamChess"]
[Result "1-0"]
[WhiteElo "2579"]
[BlackElo "2748"]
[TimeControl "180+1"]
[EndTime "15:55:31 PST"]
[Termination "maximnovik won by resignation"]

1. e4 d5 2. exd5 Qxd5 3. Nc3 Qa5 4. d4 Nf6 5. Nf3 Bf5 6. Ne5 c6 7.
Bc4 e6 8. g4 Bg6 9. h4 Nbd7 10.
Nxd7 Nxd7 11. h5 Be4 12. O-O Bd5 13. Nxd5 cxd5 14. Bd3 O-O-O 15. a4 g6 16. Bd2 Qc7 17. h6 Kb8 18. Qf3 f5 19. Rfe1 Re8 20. a5 Bd6 21. a6 e5 22. Qxd5 e4 23. Bb5 Nf6 24. Qxb7+ Qxb7 25. axb7 Ref8 26. g5 Ng4 27. Bc6 Rf7 28. Ra6 Rd8 29. Rea1 Bc5 30. Bf4+ 1-0

[Event "Late-Titled-Tuesday-Blitz-January-16-2024"]
[Site "Chess.com"]
[Date "2024.01.16"]
[Round "10"]
[White "ChessSwole"]
[Black "IlanSchnaider"]
[Result "1-0"]
[WhiteElo "2677"]
[BlackElo "2790"]
[TimeControl "180+1"]
[EndTime "15:55:32 PST"]
[Termination "ChessSwole won on time"]

1. d4 Nf6 2. Nc3 d5 3. Bf4 c5 4. e4 Nxe4 5. Nxe4 dxe4 6. dxc5 Qa5+ 7. c3 Qxc5 8. Qa4+ Nc6 9. Qxe4 g6 10. Nf3 Bg7 11.
Rd1 O-O 12. Bc4 Bf5 13. Qe2 e5 14. Be3 Qe7 15. O-O Kh8 16. Bd5 Rad8 17. Qc4 Qc7 18.
Ng5 Rd7 19. Bc5 Na5 20. Qh4 h6 21. Bxf8 Bxf8 22. Ne4 Kg7 23. Ng3 Be7 24. Nxf5+ gxf5 25. Qh3 Kg6 26. Qg3+ Kh7 27. Bxf7 Bg5 28. Be6 Rxd1 29. Bxf5+ Kg7 30. Rxd1 Kf6 31. Qf3 Bf4 32. Qh5 Qh7 33.
Bxh7 1-0

[Event "Late-Titled-Tuesday-Blitz-January-16-2024"]
[Site "Chess.com"]
[Date "2024.01.16"]
[Round "10"]
[White "ninguno46"]
[Black "Redzishchess"]
[Result "0-1"]
[WhiteElo "2564"]
[BlackElo "2498"]
[TimeControl "180+1"]
[EndTime "15:55:36 PST"]
[Termination "Redzishchess won by resignation"]

1. d4 Nf6 2. c4 g6 3. Nc3 d5 4. Nf3 Bg7 5. Bg5 dxc4 6. e3 c5 7. d5 b5 8. d6 Bb7 9. dxe7 Qxd1+ 10. Rxd1 a6 11. a4 b4 12. Bxf6 Bxf6 13. Nd5 Bxd5 14. Rxd5 c3 15. Rxc5 cxb2 16. Bd3 Nd7 17. Rc7 Kxe7 18.
Ke2 Rhc8 19. Rc4 Rxc4 20. Bxc4 Rc8 21. Nd2 Nb6 22. Bb3 Rc1 23. Rd1 Bc3 24. Nb1 Nd7 25.
Kd3 Nc5+ 26. Kc4 Nxb3 27. Kxb3 Rxd1 0-1

[Event "Late-Titled-Tuesday-Blitz-January-16-2024"]
[Site "Chess.com"]
[Date "2024.01.16"]
[Round "10"]
[White "MITerryble"]
[Black "GMAkobianSTL"]
[Result "0-1"]
[WhiteElo "3004"]
[BlackElo "2738"]
[TimeControl "180+1"]
[EndTime "15:55:46 PST"]
[Termination "GMAkobianSTL won by resignation"]

1. a3 d5 2. b4 e5 3. Bb2 Bd6 4. e3 Nf6 5. c4 c6 6. Nf3 Qe7 7. cxd5 cxd5 8. d4 e4 9. Ne5 Nbd7 10. Bb5 O-O 11. Bxd7 Nxd7 12. Nc3 Qe6 13. Nb5 Nxe5 14. dxe5 Bxe5 15. Bxe5 Qxe5 16. O-O Bd7 17. Nd4 Qg5 18. Kh1 Rac8 19. Qd2 Rc4 20. b5 Rfc8 21. Qa5 Ra8 22.
b6 a6 23. Rac1 Rac8 24. Rxc4 Rxc4 25. Rb1 h5 26. Qd2 h4 27. h3 Qe7 28. Ne2 Qc5 29.
Nf4 Bc6 30. Qd1 d4 31. Qg4 d3 32. Qxh4 Qd6 33. Rd1 d2 34. Qg4 Rc1 35. Kh2 Rxd1 36. Qxd1 g5 37. Qg4 f6 38. Qc8+ Kf7 39. Qc7+ Qxc7 40. bxc7 Bd7 0-1

[Event "Late-Titled-Tuesday-Blitz-January-16-2024"]
[Site "Chess.com"]
[Date "2024.01.16"]
[Round "10"]
[White "Petukhov_Dmitry"]
[Black "Bkmzzzzz"]
[Result "1-0"]
[WhiteElo "2555"]
[BlackElo "2412"]
[TimeControl "180+1"]
[EndTime "15:55:46 PST"]
[Termination "Petukhov_Dmitry won by resignation"]

1. e4 d6 2. d4 Nf6 3. Nc3 e5 4. dxe5 dxe5 5. Qxd8+ Kxd8 6. f4 exf4 7. Bxf4 c6 8.
O-O-O+ Ke8 9. Nf3 Be6 10. Ng5 Bb4 11. Nxe6 fxe6 12. Bc4 Ke7 13. a3 Bxc3 14. Bd6+ Kf7 15. bxc3 Nxe4 16. Rhe1 Nxd6 17. Rxd6 Re8 18. Bxe6+ Ke7 19.
Rd2 Kf6 20. Rf2+ Kg5 21. Rf7 Na6 22. Rxg7+ Kf6 23. Rf7+ Kg6 24. Rxb7 Nc5 25. Bf7+ Kf6 26. Rxe8 Rxe8 27. Bxe8 Nxb7 28. Bxc6 Nc5 29. Kd2 Ke5 30. Bf3 h6 31. g3 Na4 32. h4 Nc5 33. Bg2 Na4 34. Kd3 Nb2+ 35. Ke2 Na4 36. Kd2 Nc5 37. Bc6 Kd6 38. Ba8 Ke5 39. c4 Na4 40. Kd3 a5 41. Bc6 Nc5+ 42. Kc3 Kd6 43. Bd5 Ke5 44. g4 Nd7 45. g5 hxg5 46. hxg5 Kf5 47. Kd4 Kxg5 48. Be6 Nf8 49. Ke5 Ng6+ 50. Kd6 Kf4 51. c5 1-0

[Event "Late-Titled-Tuesday-Blitz-January-16-2024"]
[Site "Chess.com"]
[Date "2024.01.16"]
[Round "10"]
[White "cristiancamilosoto"]
[Black "LUISMIGUELOV"]
[Result "1-0"]
[WhiteElo "2409"]
[BlackElo "2190"]
[TimeControl "180+1"]
[EndTime "15:55:46 PST"]
[Termination "cristiancamilosoto won on time"]

1. c4 c5 2. g3 Nc6 3. Bg2 g6 4. Nc3 Bg7 5. Nf3 Nf6 6. O-O h5 7. h3 d6 8. e3 Be6 9. b3 Qc8 10. Ng5 Bd7 11. d4 cxd4 12. exd4 O-O 13. Bb2 a5 14. Rc1 Bh6 15. h4 Bg4 16. f3 Bf5 17.
Nd5 Qd8 18. Ne3 Bd7 19. Re1 Re8 20. f4 Ng4 21. Nxg4 Bxg4 22. Bf3 Bxf3 23. Qxf3 Qd7 24.
d5 Nb4 25. a3 Na6 26. Qc3 f6 27. Ne6 b6 28. Qc2 Kh7 29. f5 Rg8 30. Rcd1 g5 31.
hxg5 Bxg5 32. Kf2 Nc5 33. Rh1 h4 34. Qe2 Nxe6 35. Qh5+ Kg7 36. fxe6 Qe8 37. Qxg5+ Qg6 38. Qxg6+ Kxg6 39. Rxh4 a4 40. b4 Rh8 41. Rdh1 Rxh4 42. Rxh4 Kf5 43. Kf3 b5 44. c5 dxc5 45. bxc5 Rd8 46.
Rf4+ Kg5 47. Rd4 Kf5 48. g4+ Kg6 49. d6 exd6 50. cxd6 1-0

[Event "Late-Titled-Tuesday-Blitz-January-16-2024"]
[Site "Chess.com"]
[Date "2024.01.16"]
[Round "10"]
[White "j_coca"]
[Black "MKlose11"]
[Result "0-1"]
[WhiteElo "2530"]
[BlackElo "2650"]
[TimeControl "180+1"]
[EndTime "15:55:49 PST"]
[Termination "MKlose11 won by resignation"]

1. f4 Nf6 2. Nf3 c5 3. e3 Nc6 4. d4 d5 5. c3 Bf5 6. Bd3 Bxd3 7. Qxd3 e6 8. Nbd2 Be7 9. O-O O-O 10. Ne5 Nd7 11.
Rf3 f6 12. Rh3 f5 13. g4 Ndxe5 14. fxe5 g6 15. gxf5 Rxf5 16. Nf3 Qd7 17. Bd2 Raf8 18. Rf1 Qe8 19. Kg2 Qf7 20. Qe2 a6 21. Be1 b5 22.
Nd2 Rxf1 23. Qxf1 Qf5 24. Qxf5 gxf5 25. Bh4 cxd4 26. exd4 Bxh4 27. Rxh4 Na5 28. Rh6 Re8 29.
b3 Kg7 30. Rh3 Rc8 31. Kf2 b4 32. cxb4 Rc2 33. Ke3 Nc6 34. a3 Nxd4 35. Kxd4 Rxd2+ 36. Kc5 f4 37. Kd6 Kf7 38. Rh4 Rd4 39. Kc5 Re4 40.
Kd6 d4 41. Rxh7+ Kg6 42. Rh8 d3 43. Kxe6 f3 44. Rg8+ Kh7 45. Rf8 d2 46. Rxf3 d1=Q 47. Rh3+ Kg6 0-1

[Event "Late-Titled-Tuesday-Blitz-January-16-2024"]
[Site "Chess.com"]
[Date "2024.01.16"]
[Round "10"]
[White "dorpato"]
[Black "Viktor_Poddubnyi"]
[Result "0-1"]
[WhiteElo "2125"]
[BlackElo "2252"]
[TimeControl "180+1"]
[EndTime "15:55:53 PST"]
[Termination "Viktor_Poddubnyi won by checkmate"]

1. e4 g6 2. d4 Bg7 3. Nf3 d6 4. Nc3 Nf6 5. Bc4 c6 6. a4 d5 7. exd5 cxd5 8. Bb5+ Bd7 9. O-O O-O 10. Bg5 a6 11. Bxd7 Nbxd7 12. Qd2 e6 13. Bh6 Nb6 14. Bxg7 Kxg7 15. b3 Rc8 16. Ne2 Qc7 17. Rac1 Ne4 18.
Qd3 Nd7 19. Nd2 Nxd2 20. Qxd2 Nf6 21. f3 Qb6 22. Kh1 Rc6 23. g4 Rfc8 24. Ng3 Qc7 25. Rf2 Ne8 26. Qg5 Qd8 27. Nh5+ Kh8 28. Qh6 Qe7 29. Ng3 Nd6 30. h4 Qf6 31. Rd2 Qxf3+ 32.
Kh2 Qxg4 33. h5 Qxg3+ 34. Kxg3 Nf5+ 35. Kg4 Nxh6+ 36. Kg5 Nf5 37. hxg6 fxg6 38. Kf6 Rf8+ 39. Ke5 Kg7 40. Rh1 Ng3 41. Rg1 Rf5# 0-1

[Event "Late-Titled-Tuesday-Blitz-January-16-2024"]
[Site "Chess.com"]
[Date "2024.01.16"]
[Round "10"]
[White "LikeWater"]
[Black "jinbojinbo"]
[Result "1-0"]
[WhiteElo "2804"]
[BlackElo "2651"]
[TimeControl "180+1"]
[EndTime "15:55:59 PST"]
[Termination "LikeWater won by resignation"]

1. e4 c5 2. Nf3 d6 3. d4 cxd4 4. Nxd4 Nf6 5. Nc3 Nc6 6. Bc4 Qb6 7. Nxc6 bxc6 8. O-O e6 9. Be3 Qxb2 10. Qd3 Qb7 11.
f4 Be7 12. e5 Nd5 13. Ne4 dxe5 14. fxe5 Nxe3 15. Qxe3 Qb6 16. Kf2 O-O 17. Rab1 Qxe3+ 18. Kxe3 Rd8 19. Rfd1 Rxd1 20. Rxd1 Kf8 21. Rb1 Ke8 22. Kd4 Kd8 23. Nd6 Bxd6 24. exd6 Bd7 25. Rb7 f6 26.
Kc5 e5 27. g4 h6 28. Bd3 a5 29. a4 Rc8 30. Bf5 Bxf5 31. gxf5 e4 32. Rxg7 e3 33. d7 Rb8 34. Kd6 1-0

[Event "Late-Titled-Tuesday-Blitz-January-16-2024"]
[Site "Chess.com"]
[Date "2024.01.16"]
[Round "10"]
[White "reevecanada"]
[Black "masnyszachistaaa"]
[Result "1-0"]
[WhiteElo "2642"]
[BlackElo "2523"]
[TimeControl "180+1"]
[EndTime "15:56:00 PST"]
[Termination "reevecanada won by resignation"]

1. d4 Nf6 2. Nc3 d5 3. Bf4 a6 4. e3 e6 5. Bd3 c5 6. Nf3 c4 7.
Be2 Nc6 8. Ne5 Nxe5 9. dxe5 Nd7 10. e4 d4 11. Qxd4 b5 12. a4 Bc5 13. Qd2 Rb8 14.
axb5 axb5 15. O-O O-O 16. Rfd1 Qc7 17. Nd5 exd5 18. e6 Bd6 19. Bxd6 Qxd6 20. exd7 Bxd7 21. Qxd5 Qxd5 22. exd5 Rfe8 23. Bf3 b4 24. Ra7 Bf5 25. c3 bxc3 26. bxc3 Red8 27. d6 Kf8 28. g4 Be6 29. Ra6 h6 30. Kg2 Rb3 31. Rc1 Rb2 32. Kg3 Rd2 33. Rd1 Rc2 34. Ra3 Rb2 35. Ra8 Rxa8 36. Bxa8 Ke8 37. Bc6+ Kd8 38. Ra1 Rb8 39. Ra7 Rc8 40. Ba4 Rb8 41. f4 g6 42. f5 gxf5 43. gxf5 Bd5 44. Rd7+ Kc8 45. Rc7+ Kd8 46. Kf4 f6 47.
Rd7+ Kc8 48. Rh7 Rb6 49. d7+ Kc7 50. Rh8 Rd6 51. Rc8+ Kb7 52. d8=Q Rxd8 53. Rxd8 1-0

[Event "Late-Titled-Tuesday-Blitz-January-16-2024"]
[Site "Chess.com"]
[Date "2024.01.16"]
[Round "10"]
[White "tptagain"]
[Black "Rodalquilar"]
[Result "1-0"]
[WhiteElo "2950"]
[BlackElo "2729"]
[TimeControl "180+1"]
[EndTime "15:56:01 PST"]
[Termination "tptagain won by resignation"]

1. Nf3 d5 2. d4 Nf6 3. e3 g6 4. c4 dxc4 5. Bxc4 Bg7 6. O-O O-O 7.
h3 Ne8 8. Nc3 Nd6 9. Bd3 Nc6 10.
d5 Ne5 11. Nxe5 Bxe5 12. e4 e6 13. Qf3 exd5 14. exd5 f5 15. Bf4 Bxf4 16. Qxf4 Bd7 17.
Rac1 Re8 18. Ne2 Rc8 19. Qd4 a6 20. Nf4 Kf7 21. Rc2 Qf6 22. Qb4 g5 23. Nh5 Qe5 24. Rfc1 Qxd5 25. Rxc7 Nb5 26. Rxc8 Rxc8 27. Rxc8 Qxd3 28.
Qf8+ Ke6 29. Ng7+ Ke5 30. Qe7+ Kd5 31. Qxd7+ Nd6 32. Qxd6+ Kxd6 33. Rd8+ Ke5 34. Rxd3 1-0

[Event "Late-Titled-Tuesday-Blitz-January-16-2024"]
[Site "Chess.com"]
[Date "2024.01.16"]
[Round "10"]
[White "Bastiandash"]
[Black "IranianCheetah"]
[Result "1-0"]
[WhiteElo "2508"]
[BlackElo "2360"]
[TimeControl "180+1"]
[EndTime "15:56:08 PST"]
[Termination "Bastiandash won by checkmate"]

1. d4 d5 2. c4 c6 3. cxd5 cxd5 4. Bg5 Nf6 5. Bxf6 exf6 6. Nc3 Bb4 7. Rc1 O-O 8. e3 Nc6 9. Bd3 g6 10. Ne2 Bg4 11.
O-O Rc8 12. a3 Bxc3 13. Rxc3 Bxe2 14. Qxe2 Qb6 15. Rfc1 Ne7 16. b4 Rxc3 17. Rxc3 Rc8 18. Rxc8+ Nxc8 19. Qc2 Qd8 20. Qc5 b6 21. Qc6 Ne7 22. Qb7 a5 23. bxa5 bxa5 24. Bb5 Kg7 25. g3 Qd6 26. a4 Nf5 27. Kg2 h6 28. Bd7 Ne7 29. Be8 h5 30. h4 Kf8 31. Bb5 Nf5 32. Be2 Kg7 33. Bf3 Ne7 34. Qb5 Qb4 35. Qd7 f5 36. Be2 Kf6 37. Bb5 Kg7 38. Qd8 Kf6 39.
Qh8+ Ke6 40. Qe5# 1-0

[Event "Late-Titled-Tuesday-Blitz-January-16-2024"]
[Site "Chess.com"]
[Date "2024.01.16"]
[Round "10"]
[White "Jagerrmeisterr"]
[Black "anasta10"]
[Result "1-0"]
[WhiteElo "2713"]
[BlackElo "2533"]
[TimeControl "180+1"]
[EndTime "15:56:09 PST"]
[Termination "Jagerrmeisterr won on time"]

1. e4 g6 2. h4 h5 3. Nf3 Bg7 4. d4 c6 5. c4 d6 6. Nc3 Nf6 7. Ng5 Nh7 8. Nxh7 Rxh7 9. Be2 Qc7 10. Be3 Nd7 11. g4 hxg4 12. Bxg4 Nf6 13. Bxc8 Qxc8 14.
Qe2 Qe6 15. e5 Nd7 16. f4 dxe5 17. dxe5 Nb6 18. b3 Rd8 19. Ne4 Qf5 20. Nc5 Kf8 21. Nxb7 Rd3 22. Nc5 Rd8 23. Rd1 Re8 24. a4 f6 25. a5 Nc8 26. Nd3 Kg8 27. Bc5 Rh5 28. Kd2 fxe5 29. fxe5 Bxe5 30. Rdf1 Qe6 31. Kc2 Rd8 32.
Rhg1 Kh7 33. Rg5 1-0

[Event "Late-Titled-Tuesday-Blitz-January-16-2024"]
[Site "Chess.com"]
[Date "2024.01.16"]
[Round "10"]
[White "Zhigalko_Sergei"]
[Black "Bigfish1995"]
[Result "0-1"]
[WhiteElo "2983"]
[BlackElo "3088"]
[TimeControl "180+1"]
[EndTime "15:56:13 PST"]
[Termination "Bigfish1995 won on time"]

1. e4 c6 2. d4 d5 3. e5 Bf5 4.
Nf3 e6 5. Be2 Nd7 6. O-O a5 7.
Nbd2 a4 8. c4 Bb4 9. a3 Ba5 10.
cxd5 exd5 11. Nb1 b5 12. Bd2 Ne7 13. Bxa5 Qxa5 14. Nc3 O-O 15. Na2 c5 16. dxc5 Nxc5 17.
Nd4 Bd7 18. Nb4 Rac8 19. Bg4 Bxg4 20. Qxg4 Qb6 21. Rad1 Rfd8 22. Qe2 Rb8 23. Rc1 Rdc8 24.
Rfd1 h6 25. h3 Ne6 26. Rxc8+ Rxc8 27. Qxb5 Qa7 28. Ndc6 Nxc6 29. Nxc6 Qd7 30. Nd4 Qxb5 31. Nxb5 d4 32. g3 Rc5 33. Nd6 Rxe5 34. Rd2 Rd5 35.
Ne4 f5 36. Nc3 dxc3 37. Rxd5 c2 0-1

[Event "Late-Titled-Tuesday-Blitz-January-16-2024"]
[Site "Chess.com"]
[Date "2024.01.16"]
[Round "10"]
[White "rasmussvane"]
[Black "Sargsyan_Shant"]
[Result "1-0"]
[WhiteElo "2989"]
[BlackElo "2892"]
[TimeControl "180+1"]
[EndTime "15:56:13 PST"]
[Termination "rasmussvane won on time"]

1. Nf3 g6 2. g3 Bg7 3. Bg2 c5 4. O-O Nc6 5. c4 d6 6. Nc3 e6 7. e3 Nge7 8. d4 O-O 9. Qd2 b6 10. b3 Bb7 11. Bb2 Na5 12. Rfd1 cxd4 13. Nxd4 Bxg2 14.
Kxg2 a6 15. Nf3 Nb7 16. Ne4 Nf5 17. Bxg7 Kxg7 18. Qc3+ f6 19. g4 Nh6 20. g5 Ng8 21.
Rd2 e5 22. Rad1 Qc8 23. h3 Qf5 24. Nxd6 Nxd6 25. Rxd6 e4 26. Nh2 Qxg5+ 27. Ng4 Rf7 28. R1d5 Qh4 29. Rxb6 h5 30. Nh2 Nh6 31. Nf1 Nf5 32. Ng3 Qg5 33. Kh2 h4 34. Nxe4 Qh5 35. Rxf6 Qf3 36. Rfxf5+ 1-0

[Event "Late-Titled-Tuesday-Blitz-January-16-2024"]
[Site "Chess.com"]
[Date "2024.01.16"]
[Round "10"]
[White "Sebastian"]
[Black "GHANDEEVAM2003"]
[Result "0-1"]
[WhiteElo "3004"]
[BlackElo "3031"]
[TimeControl "180+1"]
[EndTime "15:56:18 PST"]
[Termination "GHANDEEVAM2003 won by resignation"]

1. e4 c6 2. d4 d5 3. e5 Bf5 4. Nf3 e6 5. Be2 c5 6. Be3 cxd4 7. Nxd4 Ne7 8. Nd2 Nbc6 9. N2f3 Be4 10. O-O Bxf3 11.
Nxf3 Nf5 12. Bf4 Bc5 13. Bd3 Nh4 14. c3 a6 15. a3 Nxf3+ 16. Qxf3 g5 17. Bg3 h5 18. h3 g4 19. hxg4 Qg5 20. Qf4 Qxg4 21. Qxg4 hxg4 22. Be2 Ke7 23. b4 Ba7 24. Bf4 Rag8 25.
g3 Bb8 26. c4 dxc4 27. Bxc4 Bxe5 28. Rac1 Bxf4 29. gxf4 g3 30. Kg2 Rh2+ 31. Kf3 Nd4+ 32. Ke3 Nf5+ 33. Ke2 Rc8 34. Rc3 b5 0-1

[Event "Late-Titled-Tuesday-Blitz-January-16-2024"]
[Site "Chess.com"]
[Date "2024.01.16"]
[Round "10"]
[White "DraningWaterHi"]
[Black "Quattroporte300"]
[Result "1-0"]
[WhiteElo "2255"]
[BlackElo "2401"]
[TimeControl "180+1"]
[EndTime "15:56:19 PST"]
[Termination "DraningWaterHi won on time"]

1. d4 g6 2. c4 Bg7 3. e4 d6 4.
Nc3 Nd7 5. g3 e5 6. Nf3 exd4 7.
Nxd4 Ne7 8. Bg2 O-O 9. O-O c6 10. Nde2 Ne5 11. b3 f5 12. f4 Nf7 13. Bb2 fxe4 14. Bxe4 Bh3 15. Bg2 Qd7 16. Nd4 Rae8 17. Qd2 Bxg2 18. Kxg2 Bxd4 19. Qxd4 Nf5 20. Qxa7 Ne3+ 21.
Kg1 Nxf1 22. Rxf1 Qe7 23. Nd1 c5 24. Qa5 Nh6 25. Qc3 Kf7 26. Qg7+ Ke6 27. Qxh6 Kd7 28. Qh3+ Kc7 29. Qg2 Qe2 30. Nc3 Qxg2+ 31. Kxg2 Kc6 32. Rf2 Re1 33. Nd5 Rfe8 34. Bc3 Rc1 35. Bb2 Rb1 36. Bf6 Ree1 37. Kh3 Rf1 38. Re2 Rbe1 39. Rd2 Rd1 40.
Rxd1 Rxd1 41. Nc3 Rd2 42. g4 Rd3+ 43. Kh4 b6 44. Bh8 Rf3 45. Kg5 h6+ 46. Kxg6 Rxf4 47. h3 Rf3 48. h4 Rf8 49. Bg7 Rf4 50. Kh5 Rf3 51. Kxh6 Kd7 52. g5 Ke6 53. h5 Kf7 54.
g6+ Kg8 55. Nd5 1-0

[Event "Late-Titled-Tuesday-Blitz-January-16-2024"]
[Site "Chess.com"]
[Date "2024.01.16"]
[Round "10"]
[White "jk13"]
[Black "wild3000"]
[Result "0-1"]
[WhiteElo "2653"]
[BlackElo "2414"]
[TimeControl "180+1"]
[EndTime "15:56:21 PST"]
[Termination "wild3000 won on time"]

1. Nf3 d5 2. g3 e6 3. Bg2 Nf6 4. O-O b6 5. d3 Bb7 6. Nbd2 c5 7. e4 Be7 8. e5 Nfd7 9. Re1 Nc6 10. Nf1 a5 11. h4 a4 12. a3 b5 13. Bf4 b4 14.
Ne3 Qb6 15. h5 h6 16. Qd2 Nd4 17. Nxd4 cxd4 18. Ng4 b3 19. cxb3 Qxb3 20. Rec1 Nc5 21. Bf1 Qb6 22. Qd1 Nb3 23. Nh2 Nxa1 24. Rxa1 Qb3 25. Qg4 Qxb2 26. Qxg7 Qxa1 27. Qxh8+ Kd7 28. Qxh6 Qxa3 29. Qg7 Rf8 30. h6 Qc5 31. h7 Qc8 32. Ng4 a3 33. Bc1 Qxc1 34. Qxf8 Bxf8 35. h8=Q Be7 36.
Qb8 Qc7 37. Qa7 Qc6 38. Nf6+ Bxf6 39. exf6 e5 40. Qxa3 Qxf6 41. Bh3+ Kc7 42. Qc5+ Kb8 43. Bg2 Qe6 44. Qb5 Kc7 0-1

[Event "Late-Titled-Tuesday-Blitz-January-16-2024"]
[Site "Chess.com"]
[Date "2024.01.16"]
[Round "10"]
[White "Chempiblinka"]
[Black "KSho99"]
[Result "1-0"]
[WhiteElo "2313"]
[BlackElo "2158"]
[TimeControl "180+1"]
[EndTime "15:56:21 PST"]
[Termination "Chempiblinka won on time"]

1. Nf3 e6 2. g3 f5 3. Bg2 Nf6 4.
c4 d5 5. O-O c6 6. d3 Be7 7.
Nbd2 O-O 8. Qc2 Na6 9. a3 Bd7 10.
e4 dxe4 11. dxe4 Nc5 12. exf5 exf5 13. b4 Nce4 14. Bb2 a5 15. Ne5 Nxd2 16. Qxd2 Be6 17. Qe2 Bf7 18. Bxc6 axb4 19. axb4 Rxa1 20. Rxa1 Bxb4 21.
Bxb7 Qc7 22. Bg2 Bh5 23. Qd3 Ne4 24. Qd5+ Kh8 25. Bxe4 fxe4 26. Qxe4 Bc5 27. Bd4 Bxd4 28. Qxd4 Qb7 29. g4 Be8 30. Ra7 Qb1+ 31. Kg2 Qe1 32.
Ng6+ 1-0

[Event "Late-Titled-Tuesday-Blitz-January-16-2024"]
[Site "Chess.com"]
[Date "2024.01.16"]
[Round "10"]
[White "Matrix3x3a"]
[Black "diamonds13"]
[Result "1-0"]
[WhiteElo "2477"]
[BlackElo "2353"]
[TimeControl "180+1"]
[EndTime "15:56:22 PST"]
[Termination "Matrix3x3a won by resignation"]

1. d4 f5 2. Bg5 h6 3. Bh4 g5 4. Bg3 d6 5. e3 Nf6 6. h4 Bg7 7.
hxg5 hxg5 8. Rxh8+ Bxh8 9. Nh3 f4 10. exf4 Bxh3 11. gxh3 gxf4 12. Bxf4 c5 13. dxc5 Qa5+ 14. Nc3 Qxc5 15. Qf3 Nc6 16. O-O-O O-O-O 17. Be3 Qa5 18. Kb1 Nd7 19. Nd5 e6 20. Nf4 Qe5 21. c3 Rf8 22. Qg4 Rf5 23. Qg8+ Nf8 24. Bd3 Ne7 25. Qg3 Rg5 26. Qf3 Nf5 27. Bxa7 Qa5 28. Be3 Nxe3 29.
Qxe3 Re5 30. Qd2 Nd7 31. Bc2 d5 32. h4 Bf6 33. Ng6 Rh5 34. Qe2 Ne5 35. Qxh5 Nc4 36.
Qf3 Qd8 37. Bb3 Na5 38. h5 Bg7 39. Qg4 Qb6 40. Bxd5 Bxc3 41. Qxe6+ 1-0

[Event "Late-Titled-Tuesday-Blitz-January-16-2024"]
[Site "Chess.com"]
[Date "2024.01.16"]
[Round "10"]
[White "Msb2"]
[Black "krzyzan94"]
[Result "1-0"]
[WhiteElo "3026"]
[BlackElo "2839"]
[TimeControl "180+1"]
[EndTime "15:56:23 PST"]
[Termination "Msb2 won by resignation"]

1. d4 Nf6 2. c4 d6 3. Nf3 g6 4. Nc3 Bf5 5. d5 Bg7 6. Nd4 Bd7 7. e4 c5 8. Nc2 O-O 9. Be2 e6 10. O-O e5 11. f4 exf4 12. Bxf4 Qe7 13. Bf3 Ne8 14. Qd2 Be5 15. Rae1 Ng7 16. h3 a6 17. a4 Be8 18. Bg4 Nd7 19. Bxd7 Bxd7 20. Bxe5 Qxe5 21.
Qf4 Rae8 22. Qf6 Nh5 23. Qxe5 Rxe5 24. g4 Ng7 25. Kg2 Rfe8 26. Rf6 h5 27. Rxd6 Bc8 28. Kg3 hxg4 29. hxg4 Rg5 30. Ne3 Rge5 31. Rf6 Rg5 32.
Kf4 Rge5 33. a5 Bd7 34. Nf1 Rh5 35. Rd6 Rh3 36. Rxd7 f6 37. Ng3 f5 38. gxf5 gxf5 39. e5 Rh4+ 40. Kf3 Rxc4 41. e6 f4 42. Rxg7+ Kxg7 43. Nf5+ Kf6 44. Nd6 Rxc3+ 45. bxc3 Rh8 46. e7 1-0

[Event "Late-Titled-Tuesday-Blitz-January-16-2024"]
[Site "Chess.com"]
[Date "2024.01.16"]
[Round "10"]
[White "SEBAZZANO"]
[Black "Nick12772"]
[Result "1-0"]
[WhiteElo "2241"]
[BlackElo "2318"]
[TimeControl "180+1"]
[EndTime "15:56:23 PST"]
[Termination "SEBAZZANO won by checkmate"]

1. d4 Nf6 2. Bf4 g6 3. Nc3 d5 4.
e3 c6 5. h4 h5 6. Nf3 Bg4 7. Be2 Nbd7 8. Ne5 Bxe2 9. Qxe2 Nxe5 10. Bxe5 Bg7 11. O-O-O Qa5 12. f3 O-O-O 13. Kb1 Rdg8 14.
e4 e6 15. Bxf6 Bxf6 16. e5 Be7 17. f4 Bb4 18. Rh3 Bxc3 19. Rxc3 Kd7 20. Rb3 Qc7 21. c4 Rb8 22. cxd5 exd5 23. g4 hxg4 24. Qxg4+ Ke7 25. f5 Rhg8 26. f6+ Kf8 27. e6 fxe6 28. Re3 Kf7 29.
Rxe6 Rbe8 30. Rde1 Qa5 31. Re7+ Rxe7 32. Rxe7+ Kxf6 33.
Qe6# 1-0

[Event "Late-Titled-Tuesday-Blitz-January-16-2024"]
[Site "Chess.com"]
[Date "2024.01.16"]
[Round "10"]
[White "ChessBrainiacOnTwitch"]
[Black "NMJeevanK"]
[Result "1-0"]
[WhiteElo "2793"]
[BlackElo "2582"]
[TimeControl "180+1"]
[EndTime "15:56:27 PST"]
[Termination "ChessBrainiacOnTwitch won by resignation"]

1. e4 e5 2. Nf3 Nc6 3. Nc3 Nf6 4. g3 Be7 5. Bg2 O-O 6. O-O d6 7. d3 b6 8. h3 Bb7 9. Kh2 d5 10. Bg5 d4 11. Bxf6 Bxf6 12. Nd5 Nb8 13. Nxf6+ Qxf6 14. Nd2 Nd7 15. f4 exf4 16. e5 fxg3+ 17. Kg1 Qxe5 18. Bxb7 Rae8 19. Bg2 f5 20. Qf3 Nf6 21. Rae1 Qa5 22. Nc4 Qxe1 23. Rxe1 Rxe1+ 24. Bf1 Ne4 25. Kg2 Rc1 26. dxe4 fxe4 27. Qxe4 Rcxf1 28. Kxg3 c5 29. Ne5 Rg1+ 30. Kh2 Rgf1 31. Ng4 h5 32. Qd5+ R8f7 33. Qxh5 R1f5 34. Qg6 Kf8 35. Qd6+ Ke8 36. Qe6+ Kd8 37.
Ne5 Rxe5 38. Qxe5 Rf2+ 39. Kg3 Rxc2 40. Qb8+ Kd7 41. Qxa7+ Kd6 42. Qxg7 Rxb2 43. h4 Kd5 44. h5 Rxa2 45. Qf7+ Ke4 46. Qxa2 d3 47. h6 Ke3 48.
h7 d2 49. Qb3+ Ke2 50. h8=Q d1=Q 51. Qe5+ Kd2 52. Qed5+ 1-0

[Event "Late-Titled-Tuesday-Blitz-January-16-2024"]
[Site "Chess.com"]
[Date "2024.01.16"]
[Round "10"]
[White "vidavi"]
[Black "NovakRatko"]
[Result "0-1"]
[WhiteElo "2490"]
[BlackElo "2346"]
[TimeControl "180+1"]
[EndTime "15:56:29 PST"]
[Termination "NovakRatko won by resignation"]

1. Nf3 d5 2. d4 c5 3. dxc5 Nc6 4.
e3 e6 5. c4 Bxc5 6. cxd5 exd5 7. Nc3 Nf6 8. Be2 O-O 9. O-O a6 10. b3 Bg4 11. Bb2 Ba7 12. Rc1 Re8 13. Nd4 Nxd4 14. Bxg4 Nxg4 15. Qxg4 Ne6 16. Rfd1 d4 17. Ne2 Qa5 18. Nxd4 Bxd4 19. Bxd4 Nxd4 20. Rxd4 Qxa2 21. b4 Rad8 22. Rxd8 Rxd8 23. Qd7 Rf8 24. Qxb7 h6 25. g3 Qd2 26. Rc7 Qd3 27. h4 g6 28. h5 gxh5 29. Kg2 Kg7 30. Qf3 Qb5 31. Qf4 Qd5+ 32. e4 Qg5 33. Qf3 h4 34. Rc5 Qg6 35. Qc3+ Kh7 36.
Rc6 Qxe4+ 37. Kh2 hxg3+ 38. Qxg3 Qxc6 39. Qf3 Qxf3 0-1

[Event "Late-Titled-Tuesday-Blitz-January-16-2024"]
[Site "Chess.com"]
[Date "2024.01.16"]
[Round "10"]
[White "Practical-Play"]
[Black "aceontheturn"]
[Result "1-0"]
[WhiteElo "2553"]
[BlackElo "2747"]
[TimeControl "180+1"]
[EndTime "15:56:31 PST"]
[Termination "Practical-Play won by resignation"]

1. e4 e5 2. Nf3 Nc6 3. c3 Nf6 4.
d4 d6 5. h3 Qe7 6. Bd3 g6 7.
d5 Nd8 8. Nbd2 Bg7 9. Nf1 Nh5 10. g3 O-O 11. Bg5 f6 12. Be3 f5 13. exf5 gxf5 14. Nxe5 Nxg3 15. Nxg3 dxe5 16. Qh5 e4 17. Bc4 Qf7 18.
Bc5 Re8 19. O-O-O f4 20. d6 Be6 21. d7 Rf8 22. Bxf8 fxg3 23. Qxf7+ Kxf7 24. Bxe6+ Nxe6 25. Bxg7 Kxg7 26. Rhg1 Rd8 27. Rxg3+ Kf7 28. Rg4 Nc5 29.
Rd5 b6 30. b4 Ke6 31. Rd4 Nd3+ 32. Kd2 Rxd7 33. Rgxe4+ Ne5 34. Rxe5+ 1-0